 Dungeon Crawl Stone Soup version 0.31-a0-222-gefeffbb62a (webtiles) character file.

Game seed: 10423424687775003865

35 qw the Shooter (level 3, -3/29 HPs)
             Began as a Minotaur Hexslinger on July 4, 2023.
             Slain by a gnoll
             ... wielding a +0 halberd
              (11 damage)
             ... on level 2 of the Dungeon.
             The game lasted 00:00:23 (1050 turns).

qw the Shooter (Minotaur Hexslinger)                Turns: 1050, Time: 00:00:24

Health: -3/29      AC:  2    Str: 12    XL:     3   Next: 17%
Magic:  3/3        EV: 12    Int: 10    God:
Gold:   31         SH:  0    Dex: 14    Spells: 3/4 levels left

rFire   . . .        Y - +1 sling
rCold   . . .        (no shield)
rNeg    . . .        c - +0 robe
rPois   .            (helmet restricted)
rElec   .            (no cloak)
rCorr   .            (no gloves)
SInv    .            (no boots)
Will    .....        (no amulet)
Stlth   +            (no ring)
HPRegen 0.24/turn    (no ring)
MPRegen 0.08/turn

%: no passive effects
@: no status effects
A: horns 2, retaliatory headbutt
a: no special abilities


You were on level 2 of the Dungeon.
You visited 1 branch of the dungeon, and saw 2 of its levels.

You collected 31 gold pieces.


Innate Abilities, Weirdness & Mutations

You have a pair of horns on your head.
You reflexively headbutt those who attack you in melee.


   Skills:
 - Level 2.0 Fighting
 + Level 3.8 Ranged Weapons
 - Level 2.1 Dodging
 - Level 1.0 Spellcasting
 - Level 2.0 Hexes


You had 3 spell levels left.
You knew the following spells:

 Your Spells              Type           Power      Damage    Failure   Level
a - Slow                  Hex            16%        N/A       16%         1

Your spell library contained the following spells:

 Spells                   Type           Power      Damage    Failure   Level
 Inner Flame              Hex/Fire       2%         N/A       56%         3
 Portal Projectile        Hex/Tloc       4%         N/A       56%         3
 Cause Fear               Hex            2%         N/A       83%         4

Inventory:

Hand Weapons
 Y - a +1 sling (weapon)
Armour
 c - a +0 robe (worn)
Potions
 a - a potion of heal wounds {unknown}
 b - a potion of brilliance {unknown}

Dungeon Overview and Level Annotations

Branches:
Dungeon (2/15)

Altars:

Annotations:
D:2 Sigmund


Message History

Where to? (* - list waypoints, Enter - D:2, ? - help)
What level of the Dungeon? (default 1, ? - help)
You climb downwards.
Level annotation: Sigmund
There is a stone staircase leading up, spattered with blood here.
A gnoll is nearby!
You shoot a sling bullet. The sling bullet hits the gnoll.
The gnoll is lightly wounded.
You shoot a sling bullet. The sling bullet hits the gnoll!
The gnoll is severely wounded.
A bat comes into view.
You shoot a sling bullet.
Sigmund shouts!
The sling bullet hits Sigmund but does no damage.
You shoot a sling bullet.
The sling bullet hits Sigmund but does no damage.
The bat barely misses you.
You shoot a sling bullet. The sling bullet barely misses the bat.
The bat barely misses you. You furiously retaliate!
You headbutt the bat!
You kill the bat!
You shoot a sling bullet. The sling bullet barely misses Sigmund.
1045 ||| Stepping ~*~*~tactically~*~*~ (outnumbered).
You shoot a sling bullet. The sling bullet hits Sigmund.
Sigmund is lightly wounded.
You shoot a sling bullet. The sling bullet hits Sigmund.
Sigmund is moderately wounded.
Sigmund points at you and mumbles some strange words.
The puff of flame hits you.
You shoot a sling bullet. The sling bullet hits Sigmund.
Sigmund is heavily wounded.
The gnoll barely misses you. Sigmund barely misses you.
You shoot a sling bullet. The sling bullet hits Sigmund.
Sigmund is severely wounded.
The gnoll hits you from afar with a +0 halberd!
Sigmund hits you from afar with a +0 scythe.
You shoot a sling bullet. The sling bullet barely misses Sigmund.
The sling bullet hits the gnoll.
The gnoll is lightly wounded.
The gnoll hits you from afar with a +0 halberd!
You die...

#
###.###########
......g%<%....#
.....g@.@.#...#
......##### .#
.>... #!.. ...
.. .


You could see Sigmund and 2 gnolls.

Vanquished Creatures
  A gnoll (D:1)
  3 endoplasms (D:1)
  3 goblins (D:1)
  4 jackals
  4 kobolds (D:1)
  2 ball pythons (D:1)
  2 bats
  4 frilled lizards
  2 rats (D:1)
25 creatures vanquished.

Notes
Turn   | Place    | Note
-------+----------+-------------------------------------------
     0 | D:1      | qw the Minotaur Hexslinger began the quest for the Orb.
     0 | D:1      | Reached XP level 1. HP: 16/16 MP: 1/1
     0 | D:1      | 0 ||| qw: Version: 0.3-a-46-gb1f654a
     0 | D:1      | 0 ||| qw: Game counter: 893
     0 | D:1      | 0 ||| qw: Melee chars always use a shield: true
     0 | D:1      | 0 ||| qw: God list: Okawaru
     0 | D:1      | 0 ||| qw: Allow faded altars: false
     0 | D:1      | 0 ||| qw: Do Orc after clearing Dungeon:15 true
     0 | D:1      | 0 ||| qw: Do second Lair branch before Depths: true
     0 | D:1      | 0 ||| qw: Lair rune preference: random
     0 | D:1      | 0 ||| qw: Goals: Normal
     0 | D:1      | 0 ||| PLANNING D:1-11
    68 | D:1      | 68 ||| FLEEEEING.
    69 | D:1      | 69 ||| FLEEEEING.
   142 | D:1      | Reached skill level 3 in Ranged Weapons
   142 | D:1      | Reached XP level 2. HP: 15/23 MP: 2/2
   198 | D:1      | Found a faded altar of an unknown god.
   234 | D:1      | 234 ||| READING scroll labelled UTWULEATUA.
   235 | D:1      | 235 ||| DROPPING scroll of poison.
   771 | D:1      | 771 ||| READING scroll labelled IDIUXALABE.
   772 | D:1      | 772 ||| READING scroll labelled PESUUD KEMEA.
   800 | D:2      | 800 ||| STAIRDANCE
   842 | D:2      | 842 ||| STAIRDANCE
   851 | D:1      | Reached XP level 3. HP: 9/29 MP: 3/3
   934 | D:2      | Noticed Sigmund
   937 | D:2      | 937 ||| STAIRDANCE
   937 | D:2      | HP: 5/29 [gnoll/+0 halberd (13)]
  1045 | D:2      | 1045 ||| Stepping ~*~*~tactically~*~*~ (outnumbered).
  1050 | D:2      | Slain by a gnoll

Levels and vault maps discovered:
D:1:      dpeg_arrival_lava_temple_mockup, layout_loops_ring,
          shapermc_ecumenical_altar_rom_forum,
          nicolae_concentric_dashed_squares_wild
D:2:      layout_basic, uniq_sigmund

Skill      XL: |  1  2 |
---------------+-------+-----
Ranged Weapons | 3 |  3.8
Fighting       | 2 |  2.0
Dodging        | |  2.1
Spellcasting   | |  1.0
Hexes          | |  2.0

Action                     || total
---------------------------++-------
   Fire: Sling             ||    79
    Use: Scroll            ||     3
 Armour: Robe              ||    11
  Dodge: Dodged            ||    44

Table legend:
 A = Non-vault XP
 B = Vault XP
 C = Vault XP percentage of total XP
 D = Non-vault monster count
 E = Vault monster count
 F = Vault count percentage of total count
                 A         B        C        D         E       F
            +---------+---------+-------+---------+---------+-------
      Total |      51 |       0 |   0.0 |      25 |       0 |   0.0
            +---------+---------+-------+---------+---------+-------
        D:1 |      46 |       0 |   0.0 |      22 |       0 |   0.0
        D:2 |       5 |       0 |   0.0 |       3 |       0 |   0.0
            +---------+---------+-------+---------+---------+-------
